 Dungeon Crawl Stone Soup version 0.28.0 (webtiles) character file.

Game seed: 7708196701780733249

233 Exaltedone87 the Chopper (level 5, 0/49 HPs)
             Began as a Deep Dwarf Fighter on Feb 14, 2022.
             Slain by an iguana (11 damage)
             ... on level 4 of the Dungeon.
             The game lasted 00:04:06 (2275 turns).

Exaltedone87 the Chopper (Deep Dwarf Fighter)       Turns: 2275, Time: 00:04:07

Health: 0/49       AC:  7    Str: 21    XL:     5   Next: 75%
Magic:  5/5        EV:  9    Int:  9    God:
Gold:   114        SH:  5    Dex: 12    Spells: 4/4 levels left

rFire   . . .      SeeInvis .   a - +0 war axe
rCold   . . .      Faith    .   c - +0 buckler
rNeg    . . .      Spirit   .   b - +0 scale mail
rPois   .          Reflect  .   (no helmet)
rElec   .          Harm     .   (no cloak)
rCorr   .          Rampage  .   (no gloves)
Will    .....                   (no boots)
Stlth   ..........              (no amulet)
HPRegen 0.00/turn               (no ring)
MPRegen 0.09/turn               (no ring)

@: no status effects
A: damage resistance, heal wounds, sense surroundings 1, no regeneration
a: Heal Wounds


You were on level 4 of the Dungeon.
You visited 1 branch of the dungeon, and saw 4 of its levels.

You collected 114 gold pieces.

Inventory:

Hand Weapons
 a - a +0 war axe (weapon)
 j - a +4 whip
Armour
 b - a +0 scale mail (worn)
 c - a +0 buckler (worn)
Potions
 d - 2 potions of might
 f - 3 potions of heal wounds
 g - a potion of ambrosia
 h - a potion of berserk rage
 i - a potion of resistance
 k - a potion of haste


   Skills:
 + Level 3.5 Fighting
 * Level 4.5 Axes
 + Level 4.3 Armour
 + Level 4.3 Shields


You had 4 spell levels left.
You didn't know any spells.
Your spell library contained the following spells:

 Spells                   Type           Power      Damage    Failure   Level
 Inner Flame              Hex/Fire       0%         N/A       99%         3
 Cause Fear               Hex            0%         N/A       100%        4
 Discord                  Hex            0%         N/A       100%        8


Dungeon Overview and Level Annotations

Branches:
Dungeon (4/15)
 Temple: D:4-7

Altars:

Shops:
D:3 *


Innate Abilities, Weirdness & Mutations

You are resistant to damage.
You can heal yourself by infusing magical energy.
You passively map a small area around you.
You do not regenerate.


Message History

A ball python is nearby!
An iguana comes into view.
You barely miss the ball python.
The ball python bites you but does no damage.
The ball python grabs you. The ball python constricts you.
You closely miss the ball python.
The ball python bites you but does no damage.
The ball python constricts you.
The ball python bites you but does no damage.
The ball python constricts you.
You barely miss the ball python.
The ball python bites you but does no damage.
The ball python constricts you.
You barely miss the ball python. You closely miss the iguana.
The ball python bites you but does no damage.
The ball python constricts you. You block the iguana's attack.
The ball python barely misses you. The ball python constricts you.
You slash the ball python!
You kill the ball python!
You completely miss the iguana.
The iguana hisses menacingly.
You block the iguana's attack. The iguana barely misses you.
The iguana bites you!
You barely miss the iguana.
The iguana bites you but does no damage.
You block the iguana's attack.
You barely miss the iguana. The iguana bites you!
* * * LOW HITPOINT WARNING * * *
You barely miss the iguana. You block the iguana's attack.
You hit the iguana.
The iguana is moderately wounded.
You block the iguana's attack.
You hit the iguana but do no damage.
The iguana is moderately wounded.
The iguana closely misses you. You block the iguana's attack.
You barely miss the iguana.
The iguana is moderately wounded.
The iguana bites you!
You die...

*,,,,,,,,,,*******,
**#........,* *,
***#####++........,*
*,
*,,...............,*
*,
*,,...............,*
*,
*,,.............,,,*
*,
*,,...........,,,,,*
**
*,,.........#*******
*******#..@#*
#.l.##############
#...#..........).###
#...#...............
#$..#...............
####........†.......
#....#######.....
#....# #..... #....#
#.....


You could see an iguana.

Vanquished Creatures
  A scorpion (D:2)
  A bullfrog skeleton (D:3)
  6 adders
  2 worms (D:4)
  3 dart slugs
  8 orcs (D:3)
  8 endoplasms
  3 giant cockroaches
  7 goblins
  6 hobgoblins
  4 jackals (D:2)
  2 quokkas
  5 ball pythons
  4 bats
  A frilled lizard (D:3)
  9 kobolds
  A quokka skeleton (D:4)
  3 rats
74 creatures vanquished.

Vanquished Creatures (others)
  3 plants (D:1)
3 creatures vanquished.

Grand Total: 77 creatures vanquished

Notes
Turn   | Place    | Note
-------+----------+-------------------------------------------
     0 | D:1      | Exaltedone87 the Deep Dwarf Fighter began the quest for the
                  | Orb.
     0 | D:1      | Reached XP level 1. HP: 20/20 MP: 1/1
    37 | D:1      | Found a faded altar of an unknown god.
   154 | D:1      | Reached XP level 2. HP: 27/27 MP: 2/2
   648 | D:1      | Reached XP level 3. HP: 17/33 MP: 3/3
   839 | D:2      | Noticed a scorpion
   847 | D:2      | Killed a scorpion
   848 | D:2      | Reached XP level 4. HP: 32/42 MP: 4/4
  1596 | D:3      | Reached XP level 5. HP: 21/49 MP: 5/5
  1650 | D:3      | Found Cubret's General Store.
  2275 | D:4      | Slain by an iguana

Illustrated notes

Levels and vault maps discovered:
D:1:      scummos_arrival_gate, layout_basic, chequers_ecumenical_altar_island,
          st_stairs_2, hangedman_decor_points, serial_bayou_lagoon_a,
          corexii_item_surrounded_by_moat
D:2:      layout_basic
D:3:      layout_basic, serial_shops, shop
D:4:      layout_basic, hangedman_abyss_or_decor_stabs

Skill      XL: |  1  2  3  4 |
---------------+-------------+-----
Axes           | 3 4 |  4.5
Fighting       | 3 |  3.5
Armour         | 4 |  4.3
Shields        | 4 |  4.3

Action                   |  1- 3 |  4- 6 || total
-------------------------+-------+-------++-------
Melee: War axe           |    68 |   136 ||   204
 Abil: Heal Wounds       |     1 |     2 ||     3
  Use: Scroll            |     1 |     7 ||     8
       Potion            |       |     2 ||     2
Armor: Scale mail        |    27 |    70 ||    97
Dodge: Dodged            |    32 |    68 ||   100
Block: Buckler           |    10 |    43 ||    53
